Map: King Sejong Station LE

Players

MajOr (SpeCial)

  • Race: Terran Terran

Kelazhur - Winner!

  • Race: Terran Terran

Event: WCS Copa Intercontinental

VOD

https://www.youtube.com/watch?v=LzzA-LrZBiI

Description

Time

  • Played on: Sept. 9, 2016, 2:45 p.m.
  • Length: 20:19

All games in this series

Show
View Real Time Build Order
Export as new Build Order

MajOr Terran 

Build Orders:  

Get SALT Encoding   

  12  0:00  SCV  
  13  0:13  SCV  
  14  0:18  Supply Depot  
  14  0:25  SCV  
  15  0:39  SCV  
  16  0:44  Barracks  
  16  0:46  Refinery  
  16  0:52  SCV  
  17  1:03  Barracks  
  17  1:07  SCV  
  18  1:19  SCV  
  19  1:25  Supply Depot  
  19  1:32  Barracks Tech Lab  
  19  1:35  Orbital Command  
  19  1:49  Refinery  
  19  1:51  Concussive Shells, Marauder  
  21  1:55  Marine  
  22  2:01  SCV  
  23  2:15  SCV, Marine, Marauder  
  27  2:25  Factory  
  27  2:28  SCV  
  28  2:33  Supply Depot  
  28  2:38  Reaper  
  31  2:44  Marauder  
  31  2:53  Engineering Bay  
  31  2:55  SCV  
  32  2:59  Supply Depot  
  31  3:10  Marauder  
  33  3:13  Factory Tech Lab  
  33  3:19  SCV  
  32  3:30  Starport  
  32  3:31  SCV  
  33  3:37  Cyclone, Barracks Reactor  
  37  3:43  SCV  
  32  4:09  SCV  
  32  4:22  SCV  
  33  4:34  SCV  
  32  4:44  Cloaking Field  
  32  4:46  SCV  
  32  4:51  Banshee  
  36  4:58  SCV  
  37  5:00  Widow Mine  
  37  5:10  Marine x2  
  37  5:11  SCV  
  38  5:16  Command Center  
  38  5:24  SCV  
  38  5:27  Marine x2  
  41  5:30  Supply Depot  
  41  5:31  Factory Tech Lab  
  41  5:39  Banshee  
  41  5:41  SCV  
  45  5:45  Marine  
  45  5:46  Marine  
  47  5:53  SCV, Siege Tank  
  51  6:05  SCV, Marine x2  
  51  6:06  Supply Depot  
  54  6:17  SCV  
  55  6:28  Siege Tank  
  55  6:29  SCV, Marine x2  
  59  6:36  Banshee  
  59  6:41  SCV  
  61  6:47  Orbital Command  
  61  6:51  Marine x2  
  61  6:53  SCV  
  63  7:02  Siege Tank  
  63  7:05  SCV  
  67  7:09  Marine x2  
  66  7:18  SCV x2, Banshee  
  71  7:30  SCV  
  71  7:31  Command Center  
  71  7:32  SCV  
  71  7:34  Supply Depot  
  73  7:37  Marine x2  
  73  7:42  SCV  
  64  7:53  SCV  
  64  7:54  SCV  
  63  7:58  Refinery  
  63  7:59  Refinery  
  63  8:01  Engineering Bay  
  63  8:02  Siege Tank  
  63  8:04  Engineering Bay  
  66  8:06  SCV x2  
  66  8:07  Supply Depot  
  68  8:17  Viking x2  
  68  8:18  SCV, Marine  
  68  8:19  Stimpack  
  74  8:28  Barracks  
  74  8:30  Barracks  
  74  8:33  Supply Depot  
  74  8:35  SCV x2  
  76  8:42  Marine  
  76  8:46  Orbital Command  
  76  8:47  Medivac x2  
  81  8:54  SCV x2  
  83  8:57  Siege Tank  
  83  8:59  Marine  
  86  9:04  Terran Infantry Weapons Level 1  
  86  9:06  SCV  
  86  9:07  Barracks  
  86  9:08  SCV, Barracks  
  88  9:11  Terran Infantry Armor Level 1  
  88  9:14  SCV  
  89  9:19  Viking  
  91  9:26  Viking  
  91  9:30  Barracks Reactor  
  90  9:35  SCV x3  
  93  9:40  Barracks Reactor  
  93  9:41  Marine  
  92  9:47  SCV x2  
  92  9:50  Siege Tank  
  92  9:52  SCV  
  96  9:53  Supply Depot  
  96  9:54  Supply Depot  
  96  9:59  SCV, Marine  
  98  10:01  Medivac  
  98  10:06  Barracks Reactor  
  100  10:07  Barracks Reactor  
  100  10:08  Marine x2  
  100  10:12  SCV x3  
  105  10:17  Marine x3  
  105  10:20  Combat Shields  
  106  10:26  Marine x2  
  108  10:28  Medivac  
  108  10:31  SCV  
  108  10:32  SCV x2  
  108  10:34  Marine  
  108  10:35  Marine x2  
  116  10:36  Supply Depot  
  116  10:37  Supply Depot, Refinery x2  
  116  10:43  Marine  
  116  10:44  SCV, Siege Tank, Marine  
  116  10:47  Missile Turret, Marine  
  116  10:48  Marine  
  123  10:50  Marine  
  123  10:52  Marine  
  123  10:53  Marine x2  
  123  10:55  Armory  
  123  10:56  Marine  
  128  11:01  Medivac, Marine x2  
  132  11:07  Medivac  
  134  11:14  Marine x6  
  140  11:19  Siege Tank  
  140  11:21  Marine x2  
  140  11:23  Supply Depot  
  145  11:28  Marine  
  145  11:32  Marine x3  
  148  11:38  Marine  
  142  11:41  Marine  
  142  11:42  Marine  
  142  11:43  SCV x3  
  141  11:49  Viking x2  
  141  11:51  Siege Tank  
  146  11:54  Marine x2  
  146  11:55  SCV  
  146  11:56  Marine  
  146  11:57  Marine x2  
  152  12:03  Terran Infantry Weapons Level 2  
  152  12:07  Terran Infantry Armor Level 2  
  152  12:08  Marine  
  152  12:11  Marine  
  152  12:12  Sensor Tower  
  154  12:22  Medivac  
  154  12:23  Supply Depot, Marine  
  157  12:36  Supply Depot, Terran Vehicle Weapons Level 1  
  157  12:37  Supply Depot  
  150  12:44  Marine x7  
  157  12:58  Medivac, Siege Tank, Marine x2  
  164  13:02  Marine x5  
  169  13:06  Factory, Command Center  
  169  13:11  Marine x2  
  171  13:15  Marine x2  
  173  13:27  Supply Depot  
  173  13:28  Supply Depot  
  173  13:33  Marine  
  173  13:34  Medivac, Marine x2  
  173  13:35  Medivac  
  173  13:37  Marine x3  
  173  13:38  Marine  
  173  13:40  Siege Tank  
  170  13:41  SCV x2  
  162  13:58  Factory Tech Lab  
  162  14:02  Marine x3  
  163  14:04  Viking  
  163  14:06  SCV x3  
  170  14:16  Marine x4  
  163  14:19  Siege Tank  
  163  14:20  Marine  
  163  14:21  Marine  
  163  14:24  Marine  
  169  14:38  Marine x3  
  172  14:50  Marine x3  
  172  14:52  Siege Tank  
  178  14:53  Marine  
  178  14:56  Marine x2  
  178  14:59  Marine  
  181  15:00  Marine  
  182  15:09  Orbital Command  
  169  15:15  Marine  
  169  15:19  Marine x2  
  142  15:27  Marine x2  
  142  15:28  Marine x3  
  131  15:30  Medivac  
  133  15:38  Marine  
  133  15:39  Marine  
  135  15:46  SCV  
  135  15:47  SCV  
  136  15:52  Marine  
  127  15:57  Marine x2  
  127  16:01  SCV  
  129  16:08  SCV x2, Marine  
  132  16:14  SCV  
  132  16:20  Medivac, SCV  
  133  16:27  SCV x2  
  133  16:29  Marine x2  
  132  16:37  Siege Tank  
  132  16:39  Marine  
  133  16:40  Marine x3  
  132  16:50  Medivac  
  116  16:55  Marine x2  
  116  16:57  Marine x2  
  116  16:59  SCV x2  
  110  17:02  Marine  
  110  17:04  Marine x2  
  110  17:07  Marine x2  
  114  17:11  Siege Tank  
  114  17:13  Marine  
  110  17:17  Medivac  
  110  17:19  Marine  
  110  17:20  Medivac  
  110  17:21  Marine  
  95  17:24  Marine  
  95  17:25  Marine  
  95  17:27  Marine x2  
  95  17:28  Marine  
  84  17:33  Marine x2  
  86  17:37  Marine  
  86  17:47  Marine x2  
  86  17:51  Siege Tank  
  80  17:52  Siege Tank  
  80  17:54  Marine  
  80  17:56  Marine  
  85  17:59  Marine  
  85  18:04  Marine  
  87  18:06  Marine  
  87  18:09  Marine  
  87  18:12  Marine  
  81  18:13  Marine  
  81  18:19  Marine x2  
  68  18:23  Medivac  
  68  18:24  Medivac  
  67  18:29  Marine x2  
  63  18:36  Marine x2  
  63  18:39  Marine  
  55  18:41  Marine  
  55  18:44  Marine  
  55  18:47  Marine  
  55  18:51  Orbital Command  
  55  18:55  Siege Tank  
  58  19:01  Marine x2  
  57  19:10  Marine x2  
  57  19:13  Marine  
  57  19:16  Marine  
  61  19:23  Marine x2  
  63  19:29  Marine  
  64  19:32  Medivac  
  63  19:38  Marine  
Show
View Real Time Build Order
Export as new Build Order

Kelazhur Terran - Winner!

Build Orders: 1/1/1, Liberator Opening 

Get SALT Encoding   

  12  0:00  SCV  
  13  0:12  SCV  
  14  0:17  Supply Depot  
  14  0:24  SCV  
  14  0:27  Refinery  
  15  0:38  SCV  
  16  0:44  Barracks  
  16  0:50  SCV  
  16  0:55  Refinery  
  17  1:02  SCV  
  18  1:15  SCV  
  19  1:27  SCV  
  19  1:32  Factory  
  20  1:33  Reaper  
  21  1:41  Orbital Command  
  21  1:51  Supply Depot  
  21  2:05  Reaper  
  21  2:06  SCV  
  23  2:18  Starport  
  23  2:20  Hellion  
  23  2:22  SCV  
  26  2:29  Supply Depot  
  26  2:34  SCV  
  27  2:37  Liberator  
  27  2:39  Reaper  
  30  2:46  SCV  
  30  2:50  Widow Mine  
  33  2:58  SCV  
  33  3:03  Bunker  
  34  3:10  SCV  
  31  3:23  SCV  
  29  3:30  Supply Depot  
  29  3:32  Factory Tech Lab  
  29  3:35  SCV, Barracks Reactor  
  29  3:38  Starport Tech Lab  
  30  3:47  SCV  
  31  3:52  Cyclone  
  35  3:58  Supply Depot  
  35  4:11  SCV  
  35  4:12  Marine x2  
  38  4:23  SCV  
  36  4:34  Marine x2  
  38  4:40  Cyclone  
  38  4:41  Command Center  
  42  4:46  Supply Depot  
  42  4:52  Starport, Marine x2  
  44  4:53  SCV  
  43  5:07  SCV  
  43  5:10  Marine x2  
  46  5:19  SCV, Barracks  
  47  5:28  Marine x2  
  47  5:29  Siege Tank  
  47  5:31  Medivac  
  54  5:39  Engineering Bay  
  54  5:41  SCV  
  55  5:49  Marine x2  
  55  5:59  SCV  
  56  6:08  Viking  
  56  6:09  Siege Tank  
  61  6:13  Marine  
  60  6:20  Missile Turret  
  60  6:24  Missile Turret  
  55  6:32  SCV  
  53  6:36  SCV  
  52  6:44  SCV  
  49  6:50  Orbital Command  
  48  6:54  Barracks Tech Lab  
  48  6:56  SCV  
  48  6:58  Marine x2  
  51  7:09  SCV  
  51  7:14  Siege Tank  
  55  7:21  SCV, Stimpack  
  55  7:22  SCV  
  55  7:33  SCV  
  55  7:34  SCV  
  53  7:42  Marine  
  53  7:43  Marine x2  
  53  7:45  SCV  
  53  7:46  SCV  
  54  7:56  Starport Reactor  
  54  7:57  SCV, Terran Infantry Weapons Level 1  
  55  7:58  SCV  
  55  8:00  Marine x2  
  55  8:05  Marine  
  58  8:09  SCV, Siege Tank  
  63  8:13  SCV, Supply Depot  
  64  8:21  SCV, Marine x2  
  64  8:23  Marine  
  68  8:32  Medivac  
  70  8:35  Medivac  
  70  8:37  Supply Depot  
  70  8:38  SCV  
  70  8:39  SCV  
  74  8:42  Marine  
  74  8:43  Marine  
  74  8:45  Marine  
  77  8:50  SCV  
  77  8:52  SCV  
  77  9:04  SCV  
  78  9:14  Siege Tank  
  78  9:15  Marine x3  
  78  9:16  SCV  
  84  9:19  Command Center  
  84  9:20  Supply Depot  
  85  9:24  SCV  
  85  9:34  Marine x3, Combat Shields  
  84  9:39  Medivac  
  84  9:45  Refinery x2  
  85  9:46  Siege Tank  
  85  9:47  Supply Depot  
  85  9:50  Barracks  
  85  9:52  Marine x2  
  90  9:56  Marine  
  90  9:59  Terran Infantry Armor Level 1  
  91  10:00  SCV x2  
  91  10:03  Supply Depot  
  93  10:10  Barracks  
  93  10:20  Marine x3  
  95  10:23  Siege Tank  
  96  10:30  Viking  
  96  10:32  Viking  
  95  10:44  Barracks Reactor, Marine  
  95  10:45  Marine x2  
  95  10:46  SCV  
  99  11:00  Orbital Command  
  99  11:04  Armory  
  99  11:05  Engineering Bay  
  99  11:06  Barracks, SCV  
  99  11:08  Marine  
  99  11:09  Marine  
  99  11:10  Barracks Reactor  
  102  11:14  SCV  
  102  11:18  Marine  
  104  11:20  Medivac  
  105  11:26  Marine  
  105  11:30  SCV x2, Marine  
  109  11:34  Marine x2  
  109  11:35  Marine  
  112  11:44  Medivac, Marine  
  106  11:47  Siege Tank, Marine x2  
  106  11:48  Marine  
  106  11:50  Medivac  
  114  11:56  SCV x3  
  115  12:02  Terran Infantry Weapons Level 2  
  115  12:09  Terran Infantry Armor Level 2  
  115  12:10  Missile Turret  
  115  12:14  Medivac  
  117  12:24  Marine  
  117  12:25  Marine x6  
  117  12:26  Marine  
  125  12:38  Medivac  
  125  12:42  Marine  
  125  12:47  Supply Depot  
  125  12:48  Supply Depot  
  125  12:50  Marine x5  
  125  12:51  Siege Tank  
  133  12:52  Marine x2  
  133  12:53  Medivac  
  132  13:00  Marine  
  133  13:09  Marine x4  
  133  13:10  Marine x3  
  140  13:18  Marine, Terran Vehicle Weapons Level 1  
  141  13:22  Refinery  
  141  13:27  Marine x4  
  140  13:28  Marine x3  
  145  13:37  Refinery  
  145  13:38  Marine  
  144  13:44  Siege Tank, Marine x3  
  144  13:45  Marine x2  
  144  13:46  Marine  
  144  13:48  Marine  
  145  13:50  Medivac x2  
  148  13:55  Marine  
  149  14:10  Marine x3  
  149  14:12  Marine x3  
  149  14:13  Marine x2  
  145  14:23  Terran Infantry Weapons Level 3  
  144  14:28  Marine x3  
  144  14:30  Marine x2  
  149  14:33  Marine  
  149  14:34  Viking x2  
  147  14:39  Marine x2  
  149  14:50  Marine x5  
  145  15:00  Marine x3  
  145  15:04  Viking  
  145  15:07  Marine x5  
  145  15:08  Medivac  
  143  15:18  Marine  
  118  15:23  Marine x2  
  118  15:25  Marine x3  
  106  15:34  Medivac, Marine  
  106  15:35  Marine  
  107  15:36  Marine  
  107  15:38  Medivac  
  107  15:40  Marine  
  107  15:41  Marine  
  107  15:42  Siege Tank  
  113  15:43  Marine  
  113  15:53  Marine x4  
  113  15:54  Marine  
  113  15:58  Marine  
  113  15:59  Marine  
  113  16:01  Marine  
  115  16:04  SCV  
  115  16:05  SCV x2  
  115  16:11  Marine x2  
  118  16:15  Siege Tank, Marine  
  118  16:16  Marine x2  
  126  16:25  Marine  
  123  16:27  Marine  
  121  16:40  Marine x6  
  121  16:43  Marine  
  121  16:45  Marine  
  127  16:48  Siege Tank  
  97  16:58  Marine x6  
  97  17:00  Marine  
  99  17:02  Marine  
  84  17:22  Marine x3  
  57  17:27  Siege Tank, Marine  
  57  17:28  Marine x4  
  62  17:40  Marine x2  
  64  17:51  Marine x6  
  55  17:57  Marine  
  55  17:58  Marine  
  64  18:08  Marine  
  64  18:10  Orbital Command  
  63  18:13  Marine  
  62  18:27  Marine  
  62  18:31  Marine  
  62  18:34  Medivac  
  66  18:38  Siege Tank, Marine  
  66  18:39  Marine  
  64  18:44  Marine  
  60  19:08  Marine  
  60  19:09  Marine x2  
  62  19:14  Marine  
  63  19:19  Marine x2  
  65  19:26  Medivac  
  65  19:27  Marine  
  65  19:29  Marine  
  65  19:31  Marine  
  70  19:40  Marine  
  70  19:41  Marine x2  
  73  19:49  Marine  
  73  19:50  Marine  
Tags
 
Add a new tag
Caveats
  • Supply blocks, unpowered buildings, or Contaminate may cause inaccurate times.
  • Supply counts are checked every 10 seconds.